 Dungeon Crawl Stone Soup version 0.19.1-1-g22dce08 (webtiles) character file.

58 McKennaii the Magician (level 3, -1/21 HPs)
             Began as a High Elf Wizard on Jan 4, 2017.
             Killed by nerve-wracking pain
             ... invoked by a shadow imp
              (10 damage)
             ... on level 3 of the Dungeon.
             The game lasted 00:14:33 (1966 turns).

McKennaii the Magician (High Elf Wizard)            Turns: 1966, Time: 00:14:34

Health: -1/21      AC:  3    Str:  4 (6)  XL:     3   Next: 76%
Magic:  3/10       EV: 13    Int: 22 (23) God:
Gold:   167        SH:  0    Dex: 13      Spells: 2 memorised, 8 levels left

rFire  . . .     SeeInvis .     (no weapon)
rCold  . . .     Gourm    +     a - +0 robe
rNeg   . . .     Faith    .     (no shield)
rPois  .         Spirit   .     b - +1 hat
rElec  .         Reflect  .     (no cloak)
rCorr  .         Harm     .     (no gloves)
MR     .....                    (no boots)
Stlth  ++........               j - amulet of the gourmand
                                (no ring)
                                (no ring)

@: no status effects
A: no striking features
a: no special abilities


You were on level 3 of the Dungeon.
You were not hungry.

You visited 1 branch of the dungeon, and saw 3 of its levels.

You collected 167 gold pieces.

Inventory:

Armour
 a - a +0 robe (worn)
 b - a +1 hat (worn)
Jewellery
 j - an amulet of the gourmand (around neck)
 l - an uncursed ring of ice {unknown}
Scrolls
 f - a scroll of random uselessness {unknown}
 g - a scroll of remove curse {unknown}
 h - 2 scrolls of enchant weapon {unknown}
Potions
 e - a potion of curing {unknown}
 i - 2 potions of cure mutation {unknown}
 k - a potion of agility
 n - a potion of berserk rage {unknown}
Books
 c - a book of Minor Magic

   Spells                             Type                      Level
   a - Magic Dart                     Conjuration                  1
   b - Blink                          Translocation                2
   c - Call Imp                       Summoning                    2
   d - Repel Missiles                 Charms/Air                   2
   e - Slow                           Hexes                        2
   f - Conjure Flame                  Conjuration/Fire             3
   g - Mephitic Cloud                 Conjuration/Poison/Air       3
Comestibles
 d - a bread ration
 m - a royal jelly


   Skills:
 + Level 0.2 Fighting
 + Level 2.5 Dodging
 + Level 2.5 Stealth
 + Level 4.8 Spellcasting
 + Level 1.4 Conjurations
 + Level 1.0 Summonings
   Level 1.1 Translocations


You had 8 spell levels left.
You knew the following spells:

 Your Spells              Type           Power        Failure   Level  Hunger
a - Magic Dart            Conj           ##..         8%          1    None
b - Call Imp              Summ           #.......     12%         2    None


Dungeon Overview and Level Annotations

Branches:
Dungeon (3/15)

Altars:
Elyvilon


Message History

Your white imp hits the orc.
Your white imp freezes the orc.
The shadow imp hits you.
Your white imp gestures at the shadow imp.
The puff of frost misses the orc.
The puff of frost hits the shadow imp.
The shadow imp resists.
Casting: Call Imp
Confirm with . or Enter, or press ? or * to list all spells.
Aiming: Magic Dart
Press: ? - help, Shift-Dir - straight line, f/p - orc
Aim: an orc, wielding a hand axe and wearing a ring mail (almost dead)
The magic dart hits the adder.
The adder is lightly wounded.
The adder closely misses you. The shadow imp misses you. The adder bites you.
Your white imp gestures at the shadow imp.
The puff of frost hits the orc.
The orc dies!
The shadow imp closely misses you. The shadow imp gestures at you.
Pain shoots through your body!
You die...

.....!..# # ........#.#
........#.# #...#.).#
#)(.#.# #.#...# #
#..5#.#.#
################.#5..#.##
.....†..........@.S#....+
###############..#...#.##
#.....†....# #....#.# ..
#.########.# #..#...# ##
.........#.# #....#.#
..######.#.# ##.#...# ..#
#.#.# #...#.....
..######.#.# ###....###
<........#.# #....#


You could see an adder and a shadow imp.

Vanquished Creatures
  An adder (D:2)
  A worm (D:2)
  An orc (D:3)
  5 bats
  A giant cockroach (D:3)
  13 goblins
  A hobgoblin (D:1)
  3 frilled lizards
  2 kobolds (D:1)
  2 rats
30 creatures vanquished.

Vanquished Creatures (collateral kills)
  Robin (D:2)
  2 worms (D:2)
  An orc (D:3)
  2 bats (D:2)
6 creatures vanquished.

Grand Total: 36 creatures vanquished

Notes
Turn   | Place    | Note
-------+----------+-------------------------------------------
     0 | D:1      | McKennaii the High Elf Wizard began the quest for the Orb.
     0 | D:1      | Reached XP level 1. HP: 11/11 MP: 6/6
   572 | D:2      | Reached skill level 4 in Spellcasting
   583 | D:2      | Found a white marble altar of Elyvilon.
   825 | D:2      | Reached XP level 2. HP: 17/17 MP: 6/8
  1081 | D:2      | Learned a level 1 spell: Magic Dart
  1084 | D:2      | Learned a level 2 spell: Call Imp
  1290 | D:2      | Noticed Robin
  1385 | D:2      | Reached XP level 3. HP: 12/21 MP: 7/10
  1714 | D:2      | Killed Robin
  1926 | D:3      | Reached skill level 1 in Summonings
  1966 | D:3      | Killed from afar by a shadow imp

Skill      XL: |  1  2  3 |
---------------+----------+-----
Spellcasting   | 4 |  4.8
Summonings     | 1 |  1.0
Fighting       | |  0.2
Dodging        | |  2.5
Stealth        | |  2.5
Conjurations   | |  1.4
Translocations | |  1.1

Action                   || total
-------------------------++-------
Melee: Unarmed           ||    13
 Cast: Magic Dart        ||    97
       Call Imp          ||    13
  Use: Scroll            ||     4
       Potion            ||     3
  Eat: Bread ration      ||     1
Armor: Robe              ||    32
Dodge: Dodged            ||    79
